 Dungeon Crawl Stone Soup version 0.25.1-2-g60ff931df9 (webtiles) character file.

Game seed: 13014394503324265706

14 ytrimaz the Insei (level 2, 19/23 HPs)
             Began as a Gnoll Transmuter on Sept 29, 2020.
             Quit the game on level 1 of the Dungeon.
             The game lasted 00:01:54 (708 turns).

ytrimaz the Insei (Gnoll Transmuter)                 Turns: 708, Time: 00:01:54

Health: 19/23      AC:  2    Str: 12    XL:     2   Next: 41%
Magic:  7/7        EV: 14    Int: 15    God:
Gold:   36         SH:  0    Dex: 15    Spells: 9/10 levels left

rFire    . . .     SeeInvis .     - Unarmed
rCold    . . .     Gourm    .   (no shield)
rNeg     . . .     Faith    .   b - +0 robe
rPois    .         Spirit   .   (no helmet)
rElec    .         Reflect  .   (no cloak)
rCorr    .         Harm     .   (no gloves)
MR       .....                  (no boots)
Stlth    ++........             (no amulet)
HPRegen  0.07/turn              (no ring)
MPRegen  0.10/turn              (no ring)

@: no status effects
A: distributed training, fangs 1, strong nose
a: no special abilities


You were on level 1 of the Dungeon.
You were not hungry.

You visited 1 branch of the dungeon, and saw 1 of its levels.

You collected 36 gold pieces.

Inventory:

Missiles
 a - 12 arrows
Armour
 b - a +0 robe (worn)
Potions
 c - a potion of might
 g - 2 potions of curing
Comestibles
 d - 2 rations
 f - a chunk of flesh


   Skills:
 + Level 2.5 Fighting
 + Level 0.4 Short Blades
 + Level 0.4 Long Blades
 + Level 0.4 Axes
 + Level 0.4 Maces & Flails
 + Level 0.4 Polearms
 + Level 0.4 Staves
 + Level 0.4 Slings
 + Level 0.4 Bows
 + Level 0.4 Crossbows
 + Level 0.4 Throwing
 + Level 0.4 Armour
 + Level 4.5 Dodging
 + Level 0.4 Stealth
 + Level 0.4 Shields
 + Level 6.5 Unarmed Combat
 + Level 4.9 Spellcasting
 + Level 0.2 Conjurations
 + Level 0.2 Hexes
 + Level 0.2 Charms
 + Level 0.2 Summonings
 + Level 0.2 Necromancy
 + Level 0.2 Translocations
 + Level 3.7 Transmutations
 + Level 0.2 Fire Magic
 + Level 0.2 Ice Magic
 + Level 0.2 Air Magic
 + Level 0.2 Earth Magic
 + Level 0.2 Poison Magic
 + Level 0.5 Invocations
 + Level 0.4 Evocations


You had 9 spell levels left.
You knew the following spells:

 Your Spells              Type           Power        Failure   Level  Hunger
a - Beastly Appendage     Tmut           ##....       3%          1    None

Your spell library contained the following spells:

 Spells                   Type           Power        Failure   Level  Hunger
 Sticks to Snakes         Tmut           ##......     5%          2    ##.....
 Spider Form              Tmut/Pois      #.........   22%         3    ###....
 Ice Form                 Ice/Tmut       #.......     58%         4    ####...
 Blade Hands              Tmut           ##........   69%         5    ######.


Dungeon Overview and Level Annotations

Branches:
Dungeon (1/15)

Altars:


Innate Abilities, Weirdness & Mutations

Your experience applies equally to all skills.
You have very sharp teeth.
Your uncanny sense of smell can sniff out nearby items.


Message History

You barely miss the bat. The bat closely misses you.
The bat hits you but does no damage.
You hit the bat but do no damage. The bat hits you.
A frilled lizard comes into view.
The frilled lizard hisses angrily.
The bat barely misses you. The bat completely misses you.
A goblin comes into view. It is wielding a +0 club.
The bat barely misses you.
Found 14 bolts and a scroll labeled INALUTT HUSIY.
The bat closely misses you. The frilled lizard bites you.
Found a scroll labeled VOTUFYECIE.
You completely miss the frilled lizard. The bat hits you.
You punch the frilled lizard!
You kill the frilled lizard!
The bat hits you but does no damage. The bat hits you but does no damage.
You completely miss the bat. The bat barely misses you. The bat hits you.
Are you sure you want to abandon this character and quit the game? (Confirm with "yes".)

#..# ##..#..#...
#####..##.##....##.#
#..........###..#..#
#..........# ##..(##
###..........# ##..#.
.............####.#.#.
####..†.......##...##.
###......b..# #...##..
#......@.#..#####.###...
.........#..............
#.(..#g#.#......>.#.....
...#.....#...##########.
.. ..#?..#...# ## .
...........# # .?#
###.....# .. .......#
#.....###


You could see a goblin and a bat.

Vanquished Creatures
  A bat (D:1)
  A giant cockroach (D:1)
  2 hobgoblins (D:1)
  2 jackals (D:1)
  4 frilled lizards (D:1)
  A kobold (D:1)
  3 rats (D:1)
14 creatures vanquished.

Notes
Turn   | Place    | Note
-------+----------+-------------------------------------------
     0 | D:1      | ytrimaz the Gnoll Transmuter began the quest for the Orb.
     0 | D:1      | Reached XP level 1. HP: 17/17 MP: 6/6
   270 | D:1      | Reached XP level 2. HP: 23/23 MP: 7/7
   708 | D:1      | Quit the game

Illustrated notes

Levels and vault maps discovered:
D:1:      lemuel_arrival_tunnels, layout_rooms, hangedman_decor_lopped

Action                   || total
-------------------------++-------
Melee: Unarmed           ||    35
       Bite              ||     2
       Headbutt          ||     3
 Cast: Beastly Appendage ||     1
  Use: Scroll            ||     2
Armor: Robe              ||     4
Dodge: Dodged            ||    29
